 Dungeon Crawl Stone Soup version 0.23-a0-143-g1adec7b (webtiles) character file.

12293 KristoblXynda the Basher (level 11, -7/60 HPs)
             Began as a Gargoyle Fighter on Sept 5, 2018.
             Was an Elder of Qazlal.
             Killed from afar by Armakuni's ghost (19 damage)
             ... with a shard of ice
             ... on level 11 of the Dungeon.
             The game lasted 00:25:55 (9588 turns).

KristoblXynda the Basher (Gargoyle Fighter)         Turns: 9588, Time: 00:25:57

Health: -7/60      AC: 22    Str: 26    XL:     11   Next: 91%
Magic:  10/16      EV:  9    Int: 10    God:    Qazlal [****..]
Gold:   492        SH: 17    Dex: 10    Spells: 10/10 levels left

rFire    . . .     SeeInvis .   I - +3 flail (drain)
rCold    + + .     Gourm    .   c - +0 shield
rNeg     + . .     Faith    .   C - +3 scale mail {rC+}
rPois    ∞         Spirit   .   (no helmet)
rElec    +         Reflect  .   t - +1 cloak
rCorr    .         Harm     .   (no gloves)
MR       .....                  (no boots)
Stlth    ..........             w - amulet of rage
HPRegen  0.20/turn              r - ring of protection from cold
MPRegen  0.15/turn              (no ring)

@: mighty, about to teleport, repel missiles
A: negative energy resistance 1, electricity resistance, unbreathing,
petrification resistance, rot immunity, AC +8
a: Upheaval, Elemental Force, Renounce Religion, Evoke Berserk Rage


You were on level 11 of the Dungeon.
You worshipped Qazlal.
Qazlal was greatly pleased with you.
You were not hungry.

You visited 2 branches of the dungeon, and saw 12 of its levels.

You collected 492 gold pieces.

Inventory:

Hand Weapons
 k - a +3 broad axe of venom
 I - a +3 flail of draining (weapon)
Missiles
 A - a throwing net (quivered)
Armour
 c - a +0 shield (worn)
 t - a +1 cloak (worn)
 C - a +3 scale mail of cold resistance (worn)
Jewellery
 r - a ring of protection from cold (left hand)
 w - an amulet of rage (around neck)
 H - the ring of Eri Xuwuat {+Fly rF+ Str-5 Stlth+}
   (You found it on level 10 of the Dungeon)

   [ring of flight]

   It affects your strength (-5).
   It protects you from fire.
   It lets you fly.
   It makes you more stealthy.
Wands
 b - a wand of paralysis (11)
 v - a wand of iceblast (7)
 G - a wand of disintegration (10)
Scrolls
 e - 3 scrolls of teleportation
 g - 4 scrolls of remove curse
 i - 3 scrolls of enchant armour
 j - a scroll of identify
 m - 2 scrolls of fog
 o - a scroll of blinking
 q - 3 scrolls of fear
 x - a scroll of random uselessness {unknown}
 y - a scroll of vulnerability {unknown}
 B - a scroll of silence {unknown}
 D - a scroll of acquirement {unknown}
 E - a scroll of immolation
Potions
 h - a potion of heal wounds
 l - 2 potions of haste
 n - 4 potions of ambrosia
 s - a potion of resistance
 u - 3 potions of curing
 z - a potion of invisibility
 F - a potion of flight
Miscellaneous
 a - a lamp of fire (inert)
Comestibles
 f - 19 rations
 J - 3 chunks of flesh


   Skills:
 - Level 3.2 Fighting
 + Level 11.1 Maces & Flails
 + Level 10.7 Armour
 + Level 10.7 Shields
 + Level 7.9 Invocations


You had 10 spell levels left.
You didn't know any spells.
Your spell library was empty.

Dungeon Overview and Level Annotations

Branches:
Dungeon (11/15)            Temple (1/1) D:6
   Lair: D:8-11         Orc: D:9-12

Altars:
Ashenzari
Cheibriados
Dithmenos
Elyvilon
Fedhas
Gozag
Hepliaklqana
Kikubaaqudgha
Makhleb
Nemelex Xobeh
Okawaru
Qazlal
Ru
Sif Muna
Trog
Uskayaw
Vehumet
Wu Jian
Xom
Yredelemnul
Zin
The Shining One

Shops:
D:6 *

Annotations:
D:4 3 runed doors, derval's ghost, amateur GnSu
D:11 Armakuni's ghost, journeyman HuIE


Innate Abilities, Weirdness & Mutations

You are resistant to torment.
Your stone body is resilient. (AC +8)
You are immune to poison.
You resist negative energy. (rN+)
You are resistant to electric shocks. (rElec)
You can survive without breathing.
You are immune to petrification.
You are immune to rotting.


Message History

Armakuni's ghost is heavily damaged.
You hear an angry buzzing noise.
The two-headed ogre is engulfed in freezing vapours.
You kill the two-headed ogre!
Qazlal accepts your kill.
The phantom blinks!
Clouds arounds you coalesce and take form!
You hear an angry buzzing noise.
The centaur hits your water elemental!
Armakuni's ghost gestures at you while chanting.
The shard of ice hits you! You partially resist.
* * * LOW HITPOINT WARNING * * *
The centaur hits your water elemental but does no damage.
As you read the scroll of teleportation, it crumbles to dust.
You feel strangely unstable.
You hear an angry buzzing noise.
The bullfrog hits your water elemental.
Armakuni's ghost points at you and mumbles some strange words.
The shard of ice hits you! You partially resist.
You die...

#######
##∩8∩8.##
#.$.$$$∩#
#8$$8$$8#
.$$_$$.#
###$..$.##.#.
#.##cF'##....
#)@WE§.....#
#.###.#W#...#
##.....# .. .
#u...### #.#
#.#### .. #.#
. #.# #.#
###.###


You could see a red ugly thing, a phantom, a bullfrog, a centaur, Armakuni's
ghost and a friendly water elemental.

Vanquished Creatures
  Harold (D:7)
  A hydra (D:10)
  3 two-headed ogres
  The ghost of chorionicmirror the Carver, a novice DsGl of Makhleb (D:10)
  A cyclops (D:9)
  A gargoyle (D:10)
  An efreet (D:9)
  2 dream sheep (D:10)
  2 hippogriffs
  8 yaks
  A hungry ghost (D:9)
  Grum (D:9)
  2 black bears
  A sky beast (D:5)
  An eye of draining (D:9)
  2 ice beasts
  2 orc warriors
  5 phantoms
  A necrophage (D:6)
  3 centaurs
  3 ogres
  3 wolves (D:9)
  A crocodile (D:10)
  6 big kobolds
  2 bullfrogs
  A gnoll sergeant (D:9)
  3 scorpions
  7 killer bees
  3 wights (D:8)
  3 howler monkeys
  5 crimson imps
  7 hounds
  2 bullfrog zombies (D:5)
  3 gnoll shamans (D:6)
  An orc priest (D:10)
  Crazy Yiuf (D:7)
  3 bullfrog skeletons
  2 jellies
  6 orc wizards
  Jessica (D:2)
  An iguana (D:11)
  10 worker ants
  A hound zombie (D:5)
  2 hound skeletons
  33 gnolls
  12 adders
  2 oozes
  3 adder skeletons
  5 worms
  4 dart slugs
  4 leopard geckos
  28 orcs
  14 bats
  6 giant cockroaches
  8 goblins
  5 hobgoblins
  37 jackals
  28 kobolds
  5 quokkas
  9 frilled lizards
  7 rats
  2 fungi (D:7)
329 creatures vanquished.

Vanquished Creatures (collateral kills)
  4 killer bees (D:10)
  An adder (D:10)
5 creatures vanquished.

Vanquished Creatures (others)
  An orc wizard (D:7)
  2 bushes (D:11)
  A fungus (D:11)
  11 plants (D:11)
15 creatures vanquished.

Grand Total: 349 creatures vanquished

Notes
Turn   | Place    | Note
-------+----------+-------------------------------------------
     0 | D:1      | KristoblXynda the Gargoyle Fighter began the quest for the
                  | Orb.
     0 | D:1      | Reached XP level 1. HP: 14/14 MP: 1/1
    65 | D:1      | Reached XP level 2. HP: 10/19 MP: 2/2
   460 | D:1      | Reached XP level 3. HP: 23/23 MP: 3/3
   773 | D:2      | Reached skill level 3 in Maces & Flails
   935 | D:2      | Noticed Jessica
   937 | D:2      | Reached XP level 4. HP: 27/28 MP: 4/4
   947 | D:2      | Killed Jessica
  1310 | D:3      | Reached XP level 5. HP: 26/32 MP: 5/5
  1341 | D:3      | Found a shattered altar of Ashenzari.
  1440 | D:3      | Reached skill level 4 in Maces & Flails
  2212 | D:4      | Reached XP level 6. HP: 19/37 MP: 6/6
  2608 | D:4      | Found a runed gate.
  2610 | D:4      | Found a runed gate.
  2610 | D:4      | Found a runed gate.
  2632 | D:4      | Noticed derval's ghost (amateur GnSu)
  2847 | D:5      | Entered Level 5 of the Dungeon
  2862 | D:5      | Reached skill level 5 in Maces & Flails
  2876 | D:5      | Reached skill level 5 in Armour
  2876 | D:5      | Reached skill level 5 in Shields
  2876 | D:5      | Reached XP level 7. HP: 23/41 MP: 7/7
  3088 | D:5      | Reached skill level 6 in Maces & Flails
  3828 | D:6      | Found an opulent altar of Gozag.
  3833 | D:6      | Found Gozag's Platinum Reserve.
  3851 | D:6      | Reached XP level 8. HP: 25/46 MP: 8/8
  3958 | D:6      | Reached skill level 7 in Maces & Flails
  4315 | D:6      | Found a staircase to the Ecumenical Temple.
  4486 | Temple   | Entered the Ecumenical Temple
  4520 | Temple   | Became a worshipper of Qazlal Stormbringer
  5122 | D:6      | Reached skill level 8 in Maces & Flails
  5350 | D:6      | Reached XP level 9. HP: 48/51 MP: 9/9
  5374 | D:6      | Reached * piety under Qazlal
  5935 | D:7      | Reached skill level 1 in Invocations
  6224 | D:7      | Noticed Harold
  6248 | D:7      | Killed Harold
  6248 | D:7      | Reached skill level 9 in Maces & Flails
  6366 | D:7      | Found a runed door.
  6562 | D:7      | Noticed Crazy Yiuf
  6571 | D:7      | Killed Crazy Yiuf
  6725 | D:8      | Reached ** piety under Qazlal
  6830 | D:8      | Reached XP level 10. HP: 54/56 MP: 12/12
  7142 | D:8      | Found an ornate altar of the Wu Jian Council.
  7149 | D:8      | Found an iron altar of Okawaru.
  7149 | D:8      | Found a shadowy altar of Dithmenos.
  7151 | D:8      | Found a radiant altar of Vehumet.
  7151 | D:8      | Found a basalt altar of Yredelemnul.
  7153 | D:8      | Found a blossoming altar of Fedhas.
  7154 | D:8      | Found a bloodstained altar of Trog.
  7419 | D:9      | Noticed a cyclops
  8078 | D:9      | Noticed Grum
  8080 | D:9      | Reached skill level 5 in Invocations
  8086 | D:9      | Killed Grum
  8270 | D:9      | Reached skill level 10 in Maces & Flails
  8274 | D:9      | Reached *** piety under Qazlal
  8311 | D:9      | Killed a cyclops
  8341 | D:9      | Noticed a two-headed ogre
  8350 | D:9      | Killed a two-headed ogre
  8422 | D:9      | Found a hazy altar of Hepliaklqana.
  8492 | D:9      | Reached XP level 11. HP: 60/60 MP: 15/15
  8609 | D:10     | Entered Level 10 of the Dungeon
  8610 | D:10     | Noticed a two-headed ogre
  8732 | D:9      | Killed a two-headed ogre
  8915 | D:10     | Got a clouded marble ring
  8916 | D:10     | Identified the ring of Eri Xuwuat {+Fly rF+ Str-5 Stlth+}
                  | (You found it on level 10 of the Dungeon)
  8967 | D:9      | Reached skill level 10 in Shields
  9053 | D:10     | Reached **** piety under Qazlal
  9084 | D:10     | Reached skill level 10 in Armour
  9273 | D:10     | Noticed a three-headed hydra
  9286 | D:10     | Killed a three-headed hydra
  9364 | D:10     | Found a runed door.
  9364 | D:10     | Noticed chorionicmirror's ghost (novice DsGl)
  9405 | D:10     | Killed chorionicmirror's ghost
  9405 | D:10     | Reached skill level 11 in Maces & Flails
  9456 | D:11     | Noticed a skeletal warrior
  9459 | D:11     | Noticed a skeletal warrior
  9461 | D:11     | Noticed a skeletal warrior
  9464 | D:11     | Noticed a skeletal warrior
  9529 | D:11     | Found an opulent altar of Gozag.
  9529 | D:11     | Noticed a two-headed ogre
  9530 | D:11     | Found a runed gate.
  9530 | D:11     | Found a runed gate.
  9530 | D:11     | Found a runed gate.
  9530 | D:11     | Noticed Armakuni's ghost (journeyman HuIE)
  9583 | D:11     | Noticed a red ugly thing
  9586 | D:11     | Killed a two-headed ogre
  9588 | D:11     | Killed from afar by Armakuni's ghost

Vault maps used:
D:1:      lightli_arrival_lavapool, minivault_11
D:2:      first_ration, uniq_jessica
D:3:      old_standard_altar
D:4:      ebering_ghost_rock_garden, kennysheep_small_square
D:5:      st_stairs_11, lemuel_flamethrower_2
D:6:      lemuel_castle_with_subvaults, temple_doors_e, serial_park_tiny_2,
          nicolae_gozag_zags_fifth_avenue
D:7:      uniq_harold, uniq_crazy_yiuf_cottage
D:8:      grunt_temple_overflow_open
D:9:      marbit_many_paths, uniq_grum
D:10:     ebering_ghost_inner_flame, hangedman_ranch
D:11:     minmay_lair_entry_grove, ebering_ghost_gozag
Temple:   cyrus_circular_temple

Skill      XL: |  1  2  3  4  5  6  7  8  9 10 11 |
---------------+----------------------------------+-----
Maces & Flails | 3 4 5 6 8 9 10 11 | 11.1
Armour         | 4 5 6 8 9 10 | 10.7
Shields        | 4 5 6 8 9 10 | 10.7
Invocations    | 3 6 7 |  7.9
Fighting       | |  3.2

Action                   |  1- 3 |  4- 6 |  7- 9 | 10-12 || total
-------------------------+-------+-------+-------+-------++-------
Melee: Flail             |   129 |   281 |   631 |   592 ||  1633
Invok: Elemental Force   |       |       |       |     1 ||     1
 Abil: Evoke Berserk Rag |       |       |     1 |     1 ||     2
Evoke: Wand              |       |       |       |     8 ||     8
       Lamp of fire      |       |       |       |     1 ||     1
  Use: Scroll            |       |       |    13 |    10 ||    23
       Potion            |       |       |     4 |     4 ||     8
 Stab: Distracted        |       |       |       |     1 ||     1
  Eat: Chunk             |       |     5 |    10 |     5 ||    20
       Ration            |       |     1 |     1 |     2 ||     4
Armor: Scale mail        |    83 |   158 |   342 |   277 ||   860
Dodge: Dodged            |    40 |    82 |   202 |   175 ||   499
       Deflected         |       |       |       |     3 ||     3
Block: Shield            |    75 |   173 |   393 |   558 ||  1199

Table legend:
 A = Non-vault XP
 B = Vault XP
 C = Vault XP percentage of total XP
 D = Non-vault monster count
 E = Vault monster count
 F = Vault count percentage of total count
                 A         B        C        D         E       F
            +---------+---------+-------+---------+---------+-------
      Total |   10799 |    6763 |  38.5 |     260 |      73 |  21.9
            +---------+---------+-------+---------+---------+-------
        D:1 |      41 |       0 |   0.0 |      23 |       0 |   0.0
        D:2 |      78 |      37 |  32.2 |      28 |       1 |   3.4
        D:3 |      77 |       0 |   0.0 |      26 |       0 |   0.0
        D:4 |     257 |       0 |   0.0 |      19 |       0 |   0.0
        D:5 |     621 |      12 |   1.9 |      16 |       4 |  20.0
        D:6 |    1018 |     690 |  40.4 |      16 |      50 |  75.8
        D:7 |     612 |    1037 |  62.9 |      12 |       2 |  14.3
        D:8 |     819 |       0 |   0.0 |      24 |       0 |   0.0
        D:9 |    5023 |     535 |   9.6 |      57 |       4 |   6.6
       D:10 |    1892 |    3442 |  64.5 |      31 |      10 |  24.4
       D:11 |     361 |    1010 |  73.7 |       8 |       2 |  20.0
            +---------+---------+-------+---------+---------+-------
